 Dungeon Sprint DCSS version 0.18-a0-1186-gd02dc51 (webtiles) character file.

509 Kidiri the Covert (level 6, -12/25 HPs)
             Began as a Spriggan Enchanter on Jan 28, 2016.
             Was a Follower of Dithmenos.
             Mangled by a human (15 damage)
             ... in the Dungeon (Sprint III: "The Ten Rune Challenge").
             The game lasted 00:02:45 (519 turns).

Kidiri the Covert (Spriggan Enchanter)               Turns: 519, Time: 00:02:45

Health: -12/25     AC:  4    Str:  4    XL:     6   Next: 98%
Magic:  5/18       EV: 26    Int: 17    God:    Dithmenos [*.....]
Gold:   31         SH:  0    Dex: 18    Spells: 5 memorised, 9 levels left

rFire  . . .     SeeInvis +     a - +1 dagger
rCold  + . .     Gourm    .     b - +1 robe
rNeg   . . .     Faith    .     (shield restricted)
rPois  +         Spirit   .     (helmet restricted)
rElec  .         Dismiss  .     (no cloak)
rCorr  .         Reflect  .     (gloves unavailable)
SustAt .         Harm     .     (boots unavailable)
MR     +....     Clarity  +     (no amulet)
Stlth  ++++++.... NoTele   +    (no ring)
                                (no ring)

@: wreathed by umbra, very quick, somewhat resistant to hostile enchantments,
very stealthy
A: unfitting armour, icy blue scales 1, see invisible, clarity, cold resistance
1, herbivore 3, speed 3, frail 1, poison resistance, slow metabolism 2, subdued
magic 1
a: Renounce Religion


You were in the Dungeon.
You worshipped Dithmenos.
Dithmenos was aware of your devotion.
You were not hungry.

You visited 1 branch You collected 31 gold pieces.

Inventory:

Hand Weapons
 a - a +1 dagger (weapon)
Armour
 b - a +1 robe (worn)
Scrolls
 j - a scroll of blinking
 l - 2 scrolls of holy word {unknown}
 m - a scroll of enchant armour {unknown}
 n - 2 scrolls of remove curse {unknown}
 r - a scroll of identify {unknown}
Potions
 e - a potion of curing
 f - a potion of heal wounds
 g - a potion of haste
 h - 2 potions of magic
 i - a potion of berserk rage
 p - 3 potions of cure mutation
 q - 2 potions of flight
 t - a potion of agility {unknown}
Comestibles
 d - a bread ration
 o - 4 fruits
 s - 2 royal jellies


   Skills:
 * Level 7.1 Short Blades
 * Level 9.5 Dodging
 * Level 11.0 Stealth
 * Level 8.2 Spellcasting
 + Level 2.9 Conjurations
 + Level 6.3 Hexes
 + Level 3.1 Ice Magic
 + Level 1.4 Invocations


You had 9 spell levels left.
You knew the following spells:

 Your Spells              Type           Power        Failure   Level  Hunger
a - Corona                Hex            ###....      1%          1    None
b - Ensorcelled Hibernat  Hex/Ice        ###...       1%          2    None
c - Confuse               Hex            ###.....     1%          3    #......
d - Tukima's Dance        Hex            ###.....     1%          3    #......
e - Dazzling Spray        Conj/Hex       ###.....     2%          3    #......


Dungeon Overview and Level Annotations

Branches:
Dungeon (1/1)

Altars:
Dithmenos
Gozag
Kikubaaqudgha
Makhleb
Nemelex Xobeh
Okawaru
Pakellas
Qazlal
Ru
Sif Muna
Trog
Vehumet
Xom
Jiyva
Lugonu


Innate Abilities, Weirdness & Mutations

You are tiny and cannot use many weapons and most armour.
You have supernaturally acute eyesight.
You are a herbivore.
You cover ground extremely quickly.
You need consume almost no food.
You are partially covered in icy blue scales (AC +1).
You possess an exceptional clarity of mind.
Your flesh is cold resistant.
You are frail (-10% HP).
Your system is resistant to poisons.
Your spells are a little easier to cast, but a little less powerful.


Message History

* * * LOW HITPOINT WARNING * * *
The human misses you.
Unknown command.
There is an open door here.
Casting: Dazzling Spray
Confirm with . or Enter, or press ? or * to list all spells.
Aiming: Dazzling Spray
Press: ? - help, Shift-Dir - straight line, f/p - human
Aim: a human, wielding a hand axe (lightly wounded, berserk, fast, unusually strong)
The spray of energy misses the human.
The human hits you but does no damage.
Unknown command.
Casting: Dazzling Spray
Confirm with . or Enter, or press ? or * to list all spells.
Aiming: Confuse
Press: ? - help, Shift-Dir - straight line, f/p - human
Aim: a human, wielding a hand axe (lightly wounded, berserk, fast, unusually strong, umbra, chance to defeat MR: 50%)
The human resists with some effort.
The human completely misses you. The human hits you!
Ouch! That really hurt!
You die...

▓▓ ▓▓▓ .#### ##.# #####
....#####..# #__[#
.....#..#..# #pp.#
##...#..#..###+#@###+##
###..##+#..#..........#
.##..###...'.⌠........#
##..####...#...######+#
##..###....#.⌠.#__#...#
#)..##.....#...#__#...#
....#......#+###__#...#
..##.#.....#.):#__#...+
..#####....#___#__+...#


You could see 2 humans.

Vanquished Creatures
  A shadow (D)
  A spatial vortex (D)
  A water elemental (D)
  A scorpion (D)
  A jelly (D)
  Jessica (D)
  A wizard (D)
  A human (D)
  A kobold demonologist (D)
  An ooze (D)
  2 rats (D)
12 creatures vanquished.

Vanquished Creatures (others)
  2 draconian scorchers (D)
  2 yaktaurs (D)
  2 plants (D)
6 creatures vanquished.

Grand Total: 18 creatures vanquished

Notes
Turn   | Place    | Note
--------------------------------------------------------------
     0 | D        | Kidiri the Spriggan Enchanter began the quest for the Orb.
     0 | D        | Reached XP level 1. HP: 9/9 MP: 5/5
    18 | D        | Reached skill level 5 in Stealth
    94 | D        | Killed a yaktaur
   128 | D        | Noticed Jessica
   132 | D        | Killed Jessica
   132 | D        | Reached skill level 6 in Stealth
   132 | D        | Reached XP level 2. HP: 13/13 MP: 6/8
   132 | D        | Reached XP level 3. HP: 16/16 MP: 6/9
   136 | D        | Learned a level 2 spell: Ensorcelled Hibernation
   140 | D        | Learned a level 3 spell: Confuse
   144 | D        | Learned a level 3 spell: Dazzling Spray
   193 | D        | Noticed a scorpion
   196 | D        | Killed a scorpion
   196 | D        | Reached skill level 5 in Dodging
   196 | D        | Reached skill level 7 in Stealth
   196 | D        | Reached skill level 5 in Spellcasting
   196 | D        | Reached skill level 1 in Ice Magic
   196 | D        | Reached XP level 4. HP: 21/21 MP: 10/12
   205 | D        | Learned a level 3 spell: Tukima's Dance
   211 | D        | Reached skill level 1 in Conjurations
   223 | D        | Gained mutation: Your spells are a little easier to cast, but a little less powerful. [potion of mutation]
   223 | D        | Gained mutation: You are partially covered in icy blue scales (AC +1). [potion of mutation]
   223 | D        | Gained mutation: Your system is resistant to poisons. [potion of mutation]
   224 | D        | Gained mutation: You possess an exceptional clarity of mind. [potion of mutation]
   224 | D        | Gained mutation: You are frail (-10% HP). [potion of mutation]
   224 | D        | Gained mutation: Your flesh is cold resistant. [potion of mutation]
   240 | D        | Noticed a water elemental
   243 | D        | Killed a water elemental
   243 | D        | Reached skill level 5 in Short Blades
   243 | D        | Reached skill level 8 in Stealth
   243 | D        | Reached skill level 5 in Hexes
   243 | D        | Reached XP level 5. HP: 21/21 MP: 12/14
   253 | D        | Killed a white draconian scorcher
   262 | D        | Noticed a shadow
   264 | D        | Killed a shadow
   264 | D        | Reached skill level 10 in Stealth
   264 | D        | Reached XP level 6. HP: 25/25 MP: 15/17
   341 | D        | Killed a white draconian scorcher
   350 | D        | Found an oddly glowing altar of Pakellas.
   350 | D        | Found a stormy altar of Qazlal.
   351 | D        | Found a sacrificial altar of Ru.
   351 | D        | Found a burning altar of Makhleb.
   351 | D        | Found a viscous altar of Jiyva.
   351 | D        | Found a shimmering altar of Xom.
   351 | D        | Found a shadowy altar of Dithmenos.
   351 | D        | Found a sparkling altar of Nemelex Xobeh.
   351 | D        | Found a corrupted altar of Lugonu.
   351 | D        | Found an opulent altar of Gozag.
   351 | D        | Noticed a spatial vortex
   355 | D        | Became a worshipper of Dithmenos the Shadowed
   357 | D        | Killed a spatial vortex
   357 | D        | Reached skill level 1 in Invocations
   381 | D        | Found a radiant altar of Vehumet.
   382 | D        | Found a deep blue altar of Sif Muna.
   382 | D        | Found an ancient bone altar of Kikubaaqudgha.
   384 | D        | Reached skill level 11 in Stealth
   388 | D        | Noticed an orange demon
   393 | D        | Reached * piety under Dithmenos
   463 | D        | Killed a yaktaur
   511 | D        | Found an iron altar of Okawaru.
   512 | D        | Found a bloodstained altar of Trog.
   512 | D        | Noticed a human
   512 | D        | Noticed a human
   519 | D        | Mangled by a human

Vault maps used:
D:        dungeon_sprint_mu

Action                   |  1- 3 |  4- 6 || total
-------------------------+-------+-------++-------
Melee: Dagger            |    13 |    12 ||    25
 Cast: Ensorcelled Hiber |       |     6 ||     6
       Dazzling Spray    |       |     9 ||     9
       Confuse           |       |     1 ||     1
  Use: Potion            |       |     2 ||     2
 Stab: Sleeping          |     3 |     5 ||     8
       Invisible         |       |     3 ||     3
